 Dungeon Crawl Stone Soup version 0.21-a0-265-gb353147 (webtiles) character file.

767 Chiseanne the Fighter (level 7, -9/81 HPs)
             Began as an Ogre Wanderer on Sept 11, 2017.
             Was an Initiate of Gozag.
             Killed from afar by a gnoll (26 damage)
             ... with a wand of acid (?/15)
             ... on level 6 of the Dungeon.
             The game lasted 00:09:31 (5139 turns).

Chiseanne the Fighter (Ogre Wanderer)               Turns: 5139, Time: 00:09:32

Health: -9/81      AC: -2    Str: 15    XL:     7   Next: 82%
Magic:  9/9        EV: 12    Int: 12    God:    Gozag
Gold:   239        SH:  0    Dex: 13    Spells: 6/6 levels left

rFire    . . .     SeeInvis .   a - +1 rapier (flame)
rCold    . . .     Gourm    .   (no shield)
rNeg     . . .     Faith    .   e - +1 robe
rPois    .         Spirit   .   (helmet restricted)
rElec    .         Reflect  .   d - +1 cloak
rCorr    .         Harm     .   (gloves unavailable)
MR       .....                  (boots unavailable)
Stlth    ++........             t - amulet of rage
HPRegen  0.23/turn              (no ring)
MPRegen  0.11/turn              (no ring)

@: corroded
A: unfitting armour, tough skin 1
a: Potion Petition, Call Merchant, Bribe Branch, Renounce Religion, Evoke
Berserk Rage


You were on level 6 of the Dungeon.
You worshipped Gozag.
Gozag was aware of your devotion.
You were not hungry.

You visited 2 branches of the dungeon, and saw 7 of its levels.

You collected 299 gold pieces.
You paid 60 gold pieces to Gozag.

Inventory:

Hand Weapons
 a - a +1 rapier of flaming (weapon)
 o - a +0 club
Missiles
 h - 135 stones
 p - 31 sling bullets
 r - 19 poisoned needles
 x - 7 tomahawks (quivered)
 y - 45 bolts
 z - 36 arrows
Armour
 d - a +1 cloak (worn)
 e - a +1 robe (worn)
Jewellery
 s - an uncursed ring of wizardry
 t - an amulet of rage (around neck)
 B - an uncursed ring of fire
Wands
 l - a wand of lightning (0/15)
 A - a wand of random effects (1/48)
Scrolls
 b - a scroll of fear
 i - 3 scrolls of remove curse
Potions
 c - a potion of might {unknown}
 j - a potion of invisibility {unknown}
 k - a potion of agility {unknown}
 m - a potion of degeneration {unknown}
 n - a potion of magic {unknown}
 u - a potion of brilliance {unknown}
Books
 w - a book of Changes

   Spells                             Type                      Level
   a - Beastly Appendage              Transmutation                1
   b - Sticks to Snakes               Transmutation                2
   c - Spider Form                    Transmutation/Poison         3
   d - Ice Form                       Ice/Transmutation            4
   e - Blade Hands                    Transmutation                5
Comestibles
 f - 4 bread rations
 v - 4 meat rations


   Skills:
 * Level 8.6 Fighting
 - Level 1.7 Short Blades
 - Level 1.0 Throwing
 * Level 4.8 Dodging
 - Level 1.0 Stealth
 * Level 3.3 Evocations


You had 6 spell levels left.
You didn't know any spells.

Dungeon Overview and Level Annotations

Branches:
Dungeon (6/15)             Temple (1/1) D:4

Altars:
Ashenzari
Cheibriados
Dithmenos
Gozag
Hepliaklqana
Kikubaaqudgha
Okawaru
Qazlal
Trog
Uskayaw
Wu Jian
Xom
Yredelemnul
Zin

Annotations:
D:5 Prince Ribbit


Innate Abilities, Weirdness & Mutations

You are too large for most types of armour.
You have tough skin. (AC +1)


Message History

A gnoll comes into view. It is wielding an enchanted spear.
Throwing (i - inventory. (,) - cycle):
x - 8 tomahawks (quivered)
Press: ? - help, Shift-Dir - straight line, f - gnoll
Aim: a gnoll, wielding an enchanted spear and wearing a scale mail (hasn't noticed you)
You throw a tomahawk. The tomahawk barely misses the gnoll.
The gnoll shouts!
You hear a shout! x2
You start waiting.
The gnoll zaps a wand.
The bolt of acid hits you! The acid corrodes you!
You are splashed with acid!
The acid burns!
It is a wand of acid (?/15).
You barely miss the gnoll.
The gnoll zaps a wand.
The bolt of acid hits you! The acid corrodes you!
You are splashed with acid!
The acid burns!
* * * LOW HITPOINT WARNING * * *
You hit the gnoll. You burn the gnoll.
The gnoll is heavily wounded.
The gnoll zaps a wand.
The bolt of acid misses you.
You hit the gnoll but do no damage.
The gnoll is heavily wounded.
The gnoll zaps a wand.
The bolt of acid hits you!
You die...
Your body crumbles into a pile of gold.

#..#...##### #.....#
#..........#
####.##.##
......#..##.#
#.......#
#.#.......#.#####
#.#####.#
......#.........# #.#
#.# ...#..#...###.#.#
#.# #.#
......#.......#.# #.#
#.#
...#..........#.####.#
.#
.#.#..#.....#.#.@....#
.# #.......##.#g######
.#r#............#
........#####.#.# .#
...[.. ...#..# .....#
###...... ##..#...#
#.##.##. ....#... #.#
(# # ###.#.#.# #.# .#


You could see a gnoll.

Vanquished Creatures
  Eustachio (D:4)
  An ogre (D:4)
  A centaur (D:5)
  A bullfrog (D:6)
  A hound (D:5)
  Natasha (twice) (D:3)
  2 orc wizards (D:3)
  Ijyb (D:3)
  2 worker ants
  A hound skeleton (D:3)
  A worker ant zombie (D:3)
  6 adders
  A shadow imp (D:5)
  An ooze (D:2)
  An adder skeleton (D:5)
  4 worms
  2 dart slugs
  2 leopard geckos
  8 orcs
  6 giant cockroaches
  6 goblins
  11 hobgoblins
  3 jackals (D:4)
  2 quokkas
  3 ball pythons
  8 bats
  7 frilled lizards
  7 kobolds
  A leopard gecko skeleton (D:4)
  6 rats
99 creatures vanquished.

Vanquished Creatures (others)
  A dart slug (D:1)
  A bat (D:1)
2 creatures vanquished.

Grand Total: 101 creatures vanquished

Notes
Turn   | Place    | Note
-------+----------+-------------------------------------------
     0 | D:1      | Chiseanne the Ogre Wanderer began the quest for the Orb.
     0 | D:1      | Chiseanne set off with: a +2 dagger, a scroll of fear, a +0 short sword, a potion of lignification, a +0 robe, a bread ration
     0 | D:1      | Reached XP level 1. HP: 27/27 MP: 1/1
   236 | D:1      | Reached XP level 2. HP: 32/35 MP: 2/2
   921 | D:2      | Reached XP level 3. HP: 33/44 MP: 3/3
   928 | D:2      | Reached skill level 6 in Fighting
  1183 | D:2      | Reached XP level 4. HP: 44/53 MP: 4/4
  1209 | D:2      | Noticed an angel
  1209 | D:2      | Found a shimmering altar of Xom.
  1209 | D:2      | Found a glowing silver altar of Zin.
  1682 | D:2      | Found an iron altar of Okawaru.
  1807 | D:3      | Noticed Ijyb
  1850 | D:3      | Killed Ijyb
  1850 | D:3      | Reached skill level 1 in Evocations
  1850 | D:3      | Reached XP level 5. HP: 23/61 MP: 5/5
  2087 | D:3      | Reached skill level 7 in Fighting
  2182 | D:3      | Noticed Natasha
  2235 | D:3      | Killed Natasha
  2235 | D:3      | Reached XP level 6. HP: 51/71 MP: 7/7
  2402 | D:3      | Noticed Natasha
  2409 | D:3      | Killed Natasha
  2497 | D:3      | Found a faded altar of an unknown god.
  3991 | D:4      | Noticed Eustachio
  4007 | D:4      | Killed Eustachio
  4007 | D:4      | Reached skill level 8 in Fighting
  4007 | D:4      | Reached XP level 7. HP: 71/80 MP: 7/9
  4013 | D:4      | Found a staircase to the Ecumenical Temple.
  4025 | Temple   | Entered the Ecumenical Temple
  4070 | Temple   | Became a worshipper of Gozag Ym Sagoz the Greedy
  4238 | D:5      | Entered Level 5 of the Dungeon
  4501 | D:5      | Noticed Prince Ribbit
  5139 | D:6      | Killed from afar by a gnoll

Vault maps used:
D:1:      tarquinn_simple_flora_water_f, columned_hall_lemuel,
          lemuel_old_faithful
D:2:      grunt_temple_overflow_order_and_chaos_1,
          minmay_misc_feat_four_crosses, kennysheep_okawaru_gauntlet
D:3:      first_bread, chequers_ecumenical_altar_simple_redux, uniq_natasha,
          uniq_ijyb
D:4:      minmay_temple_entry_nine_rooms, uniq_eustachio
D:5:      grunt_temple_overflow_lords_of_destruction,
          gammafunk_temple_overflow_pools, serial_shops, shop,
          serial_park_tiny_pond, uniq_prince_ribbit1
Temple:   minmay_temple_bridge_abc

Skill      XL: |  1  2  3  4  5  6  7 |
---------------+----------------------+-----
Dodging        | 2 3 4 |  4.8
Fighting       | 6 7 8 |  8.6
Evocations     | 1 2 3 |  3.3
Short Blades   | |  1.7
Throwing       | |  1.0
Stealth        | |  1.0

Action                   |  1- 3 |  4- 6 |  7- 9 || total
-------------------------+-------+-------+-------++-------
Melee: Dagger            |   123 |       |       ||   123
       Short sword       |    14 |   175 |       ||   189
       Rapier            |       |       |    53 ||    53
Throw: Tomahawk          |       |       |     7 ||     7
Evoke: Wand              |       |     2 |    14 ||    16
  Use: Potion            |     1 |     1 |     2 ||     4
       Scroll            |       |     9 |     2 ||    11
 Stab: Sleeping          |     1 |     3 |       ||     4
  Eat: Chunk             |     1 |     9 |       ||    10
       Fruit             |       |       |     5 ||     5
Armor: Robe              |    40 |    39 |    14 ||    93
       Skin              |    57 |       |     4 ||    61
Dodge: Dodged            |    50 |    62 |    26 ||   138

Table legend:
 A = Spawn XP
 B = Non-spawn XP
 C = Spawn XP percentage of total XP
 D = Spawn monster count
 E = Non-spawn monster count
 F = Spawn count percentage of total count
 G = Total turns spent on level
                    A         B        C        D         E        F      G
               +---------+---------+-------+---------+---------+-------+---------
         Total |       0 |    1097 |   0.0 |       0 |      99 |   0.0 |  5139
               +---------+---------+-------+---------+---------+-------+---------
           D:1 |       0 |      31 |   0.0 |       0 |      19 |   0.0 |   899
           D:2 |       0 |      86 |   0.0 |       0 |      28 |   0.0 |   852
           D:3 |       0 |     270 |   0.0 |       0 |      27 |   0.0 |  1206
           D:4 |       0 |     386 |   0.0 |       0 |      13 |   0.0 |  1212
           D:5 |       0 |     226 |   0.0 |       0 |       9 |   0.0 |   640
           D:6 |       0 |      98 |   0.0 |       0 |       3 |   0.0 |   261
               +---------+---------+-------+---------+---------+-------+---------
